 Dungeon Crawl Stone Soup version 0.21.1-1-g345015fe64 (webtiles) character file.

442 Imdi the Shield-Bearer (level 7, -1/55 HPs)
             Began as a Formicid Fighter on Mar 5, 2018.
             Was an Initiate of Okawaru.
             Slain by an ogre
             ... wielding a +0 giant club
              (19 damage)
             ... on level 5 of the Dungeon.
             The game lasted 00:40:02 (5044 turns).

Imdi the Shield-Bearer (Formicid Fighter)           Turns: 5044, Time: 00:40:02

Health: -1/55      AC:  7    Str: 21    XL:     7   Next: 23%
Magic:  16/16      EV:  8    Int:  9    God:    Okawaru [......]
Gold:   214        SH: 10    Dex: 10    Spells: 6/6 levels left

rFire    . . .     SeeInvis +   a - +0 war axe
rCold    . . .     Gourm    .   c - +0 shield
rNeg     . . .     Faith    .   b - +0 scale mail
rPois    .         Spirit   .   (helmet unavailable)
rElec    .         Reflect  .   (no cloak)
rCorr    .         Harm     .   (no gloves)
MR       .....                  (no boots)
Stlth    ..........             (no amulet)
HPRegen  0.18/turn              g - ring of magical power
MPRegen  0.15/turn              (no ring)

@: no status effects
A: permanent stasis, dig shafts and tunnels, four strong arms, antennae 3
a: Dig, Shaft Self, Renounce Religion


You were on level 5 of the Dungeon.
You worshipped Okawaru.
Okawaru was noncommittal.
You were not hungry.

You visited 2 branches of the dungeon, and saw 6 of its levels.

You collected 214 gold pieces.

Inventory:

Hand Weapons
 a - a +0 war axe (weapon)
 u - a +0 hunting sling
Missiles
 j - 12 poisoned needles
 o - 93 stones (quivered)
 s - 33 arrows
Armour
 b - a +0 scale mail (worn)
 c - a +0 shield (worn)
Jewellery
 g - a ring of magical power (left hand)
Wands
 d - a wand of digging (10)
 m - a wand of scattershot (3)
Scrolls
 k - a scroll of remove curse {@r2}
 n - a scroll of amnesia
Potions
 e - a potion of berserk rage {unknown}
 i - 2 potions of mutation {unknown}
 p - a potion of heal wounds {unknown}
 q - 2 potions of brilliance {unknown}
 t - 2 potions of degeneration {unknown}
 v - a potion of magic {unknown}
Comestibles
 f - 10 rations {@e8}


   Skills:
 + Level 4.7 Fighting
 * Level 4.8 Axes
 + Level 4.7 Armour
 + Level 5.2 Shields


You had 6 spell levels left.
You didn't know any spells.

Dungeon Overview and Level Annotations

Branches:
Dungeon (5/15)             Temple (1/1) D:4

Altars:
Ashenzari
Cheibriados
Dithmenos
Elyvilon
Fedhas
Hepliaklqana
Kikubaaqudgha
Makhleb
Okawaru
Qazlal
Ru
Sif Muna
Trog
Uskayaw
Vehumet
Wu Jian
Xom
Yredelemnul
The Shining One

Annotations:
D:3 exclusion: downstairs
D:4 exclusion: downstairs, Pikel


Innate Abilities, Weirdness & Mutations

You cannot be hasted, slowed, berserked, paralysed or teleported.
You can dig through walls and to a lower floor.
Your four strong arms can wield two-handed weapons with a shield.
You have a pair of large antennae on your head. (SInv)


Message History

There is a stone staircase leading up, spattered with blood here.
You take 21 damage.
Okay, then.
Unknown command.
As you read the scroll of fear, it crumbles to dust.
You assume a fearsome visage.
The ogre looks frightened!
Throwing (i - inventory):
o - 94 stones (quivered)
Press: ? - help, Shift-Dir - straight line, f - ogre
Aim: an ogre, wielding a giant club (fleeing)
You throw a stone.
The stone hits the ogre but does no damage.
Your attack snaps the ogre out of its fear.
As you read the scroll of fog, it crumbles to dust.
The scroll dissolves into smoke.
The ogre hits you with a giant club!
* * * LOW HITPOINT WARNING * * *
You take 16 damage.
A jackal comes into view.
The jackal barks!
You hear a bark!
The ogre hits you with a giant club!!
You die...

. .. {
...#########
...........#
.....h.....#
......§....#
..##..§§O@#
##..§§§.#
#..§§§§.#
#......§#
#.....(.#
#########


You could see an ogre and a jackal.

Vanquished Creatures
  Duvessa (D:4)
  A slave (D:3)
  Dowan (D:4)
  A quasit (D:3)
  A bullfrog skeleton (D:4)
  An iguana (D:5)
  Natasha (thrice) (D:4)
  A worker ant (D:4)
  A gnoll (D:4)
  4 adders (D:2)
  2 worms
  5 leopard geckos
  An orc (D:4)
  A ball python (D:1)
  4 giant cockroaches
  3 goblins
  5 hobgoblins
  6 jackals
  A quokka (D:2)
  4 bats
  2 frilled lizards (D:2)
  5 kobolds
  A quokka skeleton (D:5)
  3 rats
58 creatures vanquished.

Notes
Turn   | Place    | Note
-------+----------+-------------------------------------------
     0 | D:1      | Imdi the Formicid Fighter began the quest for the Orb.
     0 | D:1      | Reached XP level 1. HP: 18/18 MP: 1/1
   272 | D:1      | Reached XP level 2. HP: 20/24 MP: 2/2
  1043 | D:1      | Reached XP level 3. HP: 28/29 MP: 3/3
  1236 | D:2      | Reached skill level 4 in Shields
  1714 | D:2      | Reached XP level 4. HP: 37/37 MP: 4/4
  1803 | D:2      | Found a blossoming altar of Fedhas.
  1803 | D:2      | Found a burning altar of Makhleb.
  1804 | D:2      | Found a shadowy altar of Dithmenos.
  2419 | D:3      | Reached XP level 5. HP: 32/42 MP: 5/5
  3258 | D:4      | Found a staircase to the Ecumenical Temple.
  3258 | D:4      | Noticed Duvessa
  3258 | D:4      | Noticed Dowan
  3268 | D:4      | Killed Duvessa
  3268 | D:4      | Reached XP level 6. HP: 43/48 MP: 6/6
  3279 | D:4      | Killed Dowan
  3290 | Temple   | Entered the Ecumenical Temple
  3488 | Temple   | Became a worshipper of Warmaster Okawaru
  3551 | D:4      | Noticed a slave
  3556 | D:4      | Noticed Pikel
  3830 | D:4      | Reached skill level 5 in Shields
  3957 | D:4      | Noticed a slave
  3957 | D:4      | Noticed a slave
  4020 | D:3      | Killed a slave
  4288 | D:4      | Noticed Natasha
  4306 | D:4      | Killed Natasha
  4411 | D:4      | Reached XP level 7. HP: 49/55 MP: 7/7
  4530 | D:4      | Noticed Natasha
  4538 | D:4      | Killed Natasha
  4582 | D:4      | Noticed Natasha
  4589 | D:4      | Killed Natasha
  4665 | D:5      | Entered Level 5 of the Dungeon
  5044 | D:5      | Slain by an ogre

Skill      XL: |  1  2  3  4  5  6 |
---------------+-------------------+-----
Shields        | 4 5 |  5.2
Axes           | 3 4 |  4.8
Armour         | 4 |  4.7
Fighting       | 4 |  4.7

Action                   |  1- 3 |  4- 6 |  7- 9 || total
-------------------------+-------+-------+-------++-------
Melee: War axe           |   130 |   139 |    25 ||   294
Throw: Stone             |     5 |     7 |     1 ||    13
 Abil: Dig               |       |     1 |       ||     1
  Use: Scroll            |       |     6 |     4 ||    10
       Potion            |       |     1 |       ||     1
  Eat: Chunk             |     1 |     3 |     3 ||     7
       Ration            |     2 |       |       ||     2
Armor: Scale mail        |    70 |    89 |     5 ||   164
Dodge: Dodged            |    53 |    64 |     4 ||   121
Block: Shield            |    96 |    94 |    12 ||   202
